 Dungeon Crawl Stone Soup version 0.31.0-32-g396128a36d (webtiles) character file.

Game seed: 1659761162306682683

131761 Peloso the Fencer (level 16, -6/145 (155) HPs)
             Began as a Minotaur Fighter on Mar 8, 2024.
             Was the Champion of Okawaru.
             Killed from afar by a deep elf zephyrmancer (21 damage)
             ... with a bolt of lightning
             ... on level 2 of the Elven Halls.
             The game lasted 01:09:50 (38040 turns).

Peloso the Fencer (Minotaur Fighter)               Turns: 38040, Time: 01:09:51

HP:   -6/145 (155)  AC: 22    Str: 30    XL:     16   Next: 56%
MP:   16/16         EV: 10    Int:  5    God:    Okawaru [******]
Gold: 1385          SH: 26    Dex: 14    Spells: 15/15 levels left

rFire   + . .        b - +2 scimitar (flame)
rCold   . . .        d - +6 tower shield of Disaster {Str+5}
rNeg    + . .        c - +3 plate armour {rPois}
rPois   +            (helmet restricted)
rElec   .            r - +0 cloak
rCorr   .            (no gloves)
SInv    +            (no boots)
Will    ++++.        M - amulet of the Four Winds {rN+ Will+++ Clar} Stlth
                     Z - ring of Rasasmo {+Blink rPois rF+ SInv Stlth+}
HPRegen 0.44/turn    C - +4 ring of slaying
MPRegen 0.15/turn

%: clarity
@: drained
A: horns 2, retaliatory headbutt
a: Renounce Religion, Evoke Blink, Heroism, Finesse, Duel, Receive Weapon,
Receive Armour


You were on level 2 of the Elven Halls.
You worshipped Okawaru.
Okawaru was exalted by your worship.
You visited 5 branches of the dungeon, and saw 25 of its levels.
You also visited: Ice Cave.

You collected 2428 gold pieces.
You spent 1043 gold pieces at shops.

Inventory:

Hand Weapons
 a - a +4 scimitar
 b - a +2 scimitar of flaming (weapon)
Armour
 c - a +3 plate armour of poison resistance (worn)
 d - the +6 tower shield of Disaster (worn) {Str+5}
   (You found it on level 1 of the Lair of Beasts)

   Str+5:     It affects your strength (+5).
 r - a +0 cloak (worn)
Jewellery
 l - a ring of wizardry
 n - a ring of resist corrosion
 q - a +6 ring of dexterity
 C - a +4 ring of slaying (right hand)
 M - the amulet of the Four Winds (around neck) {rN+ Will+++ Clar}
   (You bought it in a shop on level 2 of the Orcish Mines)

   [amulet of nothing]

   rN+:       It protects you from negative energy.
   Will+++:   It greatly increases your willpower.
   Clar:      It protects you from confusion, rage, mesmerisation and fear.
 Q - an amulet of regeneration
 R - a ring of protection from cold
 Y - the amulet "Taats" {Regen+ Str+4}
   (You found it on level 5 of the Lair of Beasts)

   [amulet of regeneration]

   Str+4:     It affects your strength (+4).
   Regen+:    It increases your rate of health regeneration.
 Z - the ring of Rasasmo (left hand) {+Blink rPois rF+ SInv Stlth+}
   (You found it on level 5 of the Lair of Beasts)

   [ring of protection from fire]

   rF+:       It protects you from fire.
   rPois:     It protects you from poison SInv: It lets you see invisible.
   +Blink:    It lets you blink.
   Stlth+:    It makes you more stealthy.
Wands
 j - a wand of light (6)
Scrolls
 e - a scroll of vulnerability
 f - 7 scrolls of poison
 g - a scroll of blinking
 h - 11 scrolls of identify
 k - 2 scrolls of teleportation
 o - 6 scrolls of immolation
 u - 5 scrolls of fear
 y - 2 scrolls of revelation
Potions
 i - 2 potions of lignification
 p - 2 potions of curing
 t - 4 potions of might
 z - a potion of mutation
 D - a potion of enlightenment
 E - 2 potions of invisibility
 P - 4 potions of haste
 U - a potion of resistance


   Skills:
 + Level 17.3 Fighting
 + Level 18.9 Long Blades
 + Level 17.1 Armour
 + Level 6.7 Dodging
 + Level 2.7 Stealth
 + Level 17.9 Shields
 + Level 2.2 Invocations
 + Level 1.0 Evocations


You had 15 spell levels left.
You didn't know any spells.
Your spell library contained the following spells:

 Spells                   Type           Power      Damage    Failure   Level
 Apportation              Tloc           0%         N/A       99%         1
 Kiss of Death            Conj/Necr      0%         2d5       99%         1
 Necrotise                Necr           0%         1d4       99%         1
 Blink                    Tloc           0%         N/A       100%        2
 Cigotuvi's Dreadful Rot  Necr/Alch/Air  0%         N/A       100%        2
 Jinxbite                 Hex            0%         N/A       100%        2
 Lesser Beckoning         Tloc           0%         N/A       100%        2
 Mercury Vapours          Alch/Air       0%         N/A       100%        2
 Momentum Strike          Conj/Tloc      0%         3d8       100%        2
 Confusing Touch          Hex            0%         N/A       100%        3
 Gell's Gravitas          Tloc           0%         N/A       100%        3
 Teleport Other           Tloc           0%         N/A       100%        3
 Vampiric Draining        Necr           0%         2d6       100%        3
 Brom's Barrelling Bould  Conj/Erth      0%         2d3       100%        4
 Dispel Undead            Necr           0%         3d6       100%        4
 Ignite Poison            Fire/Alch      0%         N/A       100%        4
 Olgreb's Toxic Radiance  Alch           0%         N/A       100%        4
 Petrify                  Alch/Erth      0%         N/A       100%        4
 Alistair's Intoxication  Alch           0%         N/A       100%        5
 Curse of Agony           Necr           0%         N/A       100%        5
 Fireball                 Conj/Fire      0%         3d3       100%        5
 Freezing Cloud           Conj/Ice/Air   0%         6-21      100%        5
 Iskenderun's Battlesphe  Conj           0%         2d6       100%        5
 Conjure Ball Lightning   Conj/Air       0%         3x3d6     100%        6
 Orb of Destruction       Conj           0%         9d5       100%        7
 Martyr's Knell           Necr/Summ      Unusable   N/A       N/A         4
 Sculpt Simulacrum        Ice/Alch       Unusable   N/A       N/A         6

Dungeon Overview and Level Annotations

Branches:
Dungeon (15/15)            Temple (1/1) D:4            Lair (5/5) D:10
  Swamp (0/4) Lair:2        Snake (0/4) Lair:2        Slime (0/5) Lair:4
    Orc (2/2) D:9             Elf (2/3) Orc:2        Vaults (0/5) D:13
 Depths (0/4) D:15          IceCv (visited)

Altars:
Ashenzari
Cheibriados
Dithmenos
Elyvilon
Fedhas
Gozag
Hepliaklqana
Kikubaaqudgha
Makhleb
Nemelex Xobeh
Okawaru
Qazlal
Ru
Sif Muna
Trog
Uskayaw
Vehumet
Wu Jian
Xom
Yredelemnul
Zin
The Shining One

Shops:
D:5 *   D:10 *   Orc:2 ==(***::[   Elf:2 :

Annotations:
D:13 1 runed translucent door, SonOfAdam's ghost, adept DjCj
Lair:3 Casa


Innate Abilities, Weirdness & Mutations

You have a pair of horns on your head.
You reflexively headbutt those who attack you in melee.


Message History

The deep elf zephyrmancer blinks!
You block the ghostly deep elf death mage's attack.
You hit the ghostly deep elf death mage.
You burn the ghostly deep elf death mage.
The ghostly deep elf death mage is severely damaged.
The deep elf zephyrmancer casts a spell at you.
The bolt of lightning hits you!
* * * LOW HITPOINT WARNING * * *
You hear a shout! x3
You slash the ghostly deep elf death mage!
You burn the ghostly deep elf death mage.
Your headbutt misses the ghostly deep elf death mage.
The ghostly deep elf death mage is almost destroyed.
The lost soul fades away!
The ghostly deep elf death mage gestures at you while chanting.
The bolt of negative energy hits you!! You partially resist.
You feel drained.
* * * LOW HITPOINT WARNING * * *
The deep elf archer shoots an arrow.
The arrow hits you.
* * * LOW HITPOINT WARNING * * *
You slice the ghostly deep elf death mage!!
You burn the ghostly deep elf death mage.
You destroy the ghostly deep elf death mage!
Okawaru accepts your kill.
The lost soul fades away! x2
You block the deep elf zephyrmancer's attack.
Unknown command.
An orc comes into view. It is wielding a +2 mace of protection.
The deep elf archer shoots an arrow.
The arrow hits you!
* * * LOW HITPOINT WARNING * * *
Things that are here:
21 gold pieces; a +0 rapier; a +0 ring mail
Okay, then.
Blink to where?
Press: ? - help, Dir - move target
As you read the scroll of blinking, it crumbles to dust.
The deep elf archer shoots an arrow.
You block the arrow.
You feel better.
The deep elf archer shoots an arrow.
You block the arrow.
The deep elf zephyrmancer gestures at you while chanting.
The bolt of lightning hits you!!
You die...

.######...e.....#
.'....'...e.....#
###.........# #+#
##)......## #.#
##'#.....'# #.#
##.###...##.# #.#
##)## ##### #o#
#.# ##.## #.#
###'#####@## #.
#.....##.## #####
##.....#'##
##...##
#.....[.##
##.....##
#.......#
#.......#
#.......#
#...<...+
##.....##
#..)....#
#.....'##
##.....##
###'###)##
##...#'##


You could see a deep elf zephyrmancer.

Vanquished Creatures
  Aizul (Elf:1)
  Kirke (D:13)
  A stone giant (D:15)
  An orc warlord (Orc:1)
  A reaper (IceCv)
  2 deep elf death magi (Elf:2)
  4 dire elephants
  An ettin (Orc:2)
  4 vault guards (D:13)
  10 hydras
  An anaconda (Lair:2)
  A catoblepas (Lair:5)
  2 death knights
  11 centaur warriors
  The ghost of fedepesso the Grappler, a novice TrSh of Qazlal (D:9)
  2 dancing weapons
  The ghost of nitefall the Covered, a novice DgFi (D:9)
  3 boulder beetles
  A death yak (Lair:2)
  6 two-headed ogres
  An orc high priest (Orc:2)
  An occultist (D:13)
  2 tengu warriors (D:15)
  The ghost of Doomgape the Grappler, a novice TrFi of Hepliaklqana (D:7)
  The ghost of H0rd4k the Martial Artist, a novice OpAr of Gozag (D:9)
  4 deep elf knights
  The ghost of Doomgape the Fighter, a novice MiFi (D:9)
  Urug (Lair:2)
  Sonja (Orc:1)
  A spectral death yak (Lair:5)
  5 skysharks
  2 fire crabs
  A spectral anaconda (Lair:5)
  11 skeletal warriors
  An obsidian statue (Lair:5)
  A phantasmal warrior (D:13)
  5 deep elf archers
  4 necromancers (Lair:5)
  4 deep elf zephyrmancers (Elf:1)
  18 deep elf pyromancers
  5 orc knights
  3 orc sorcerers
  An ugly thing (D:13)
  6 cyclopes
  5 manticores
  23 elephants
  2 meliai (shapeshifter)
  A meliai (D:13)
  6 kobold blastminers
  3 black mambas
  6 cane toads
  2 ice statues (IceCv)
  A cane toad (shapeshifter) (D:14)
  5 gargoyles
  5 rime drakes
  A torpor snail (Lair:2)
  2 efreet (D:13)
  3 freezing wraiths
  5 komodo dragons
  2 yaktaurs (D:13)
  6 ice devils (IceCv)
  2 tengu conjurers (D:15)
  2 polar bears (shapeshifter)
  9 trolls
  2 hornets
  3 polar bears
  15 dream sheep
  A raiju (shapeshifter) (D:13)
  12 blink frogs
  A spectral elephant (Lair:5)
  Sigmund (D:4)
  8 slime creatures
  7 wyverns
  An air elemental (Elf:1)
  A culicivora (shapeshifter) (Elf:1)
  5 wraiths
  A vampire (D:13)
  4 humans
  6 basilisks
  A yak (shapeshifter) (D:15)
  38 yaks
  4 fire elementals
  2 dire elephant simulacra (IceCv)
  4 steam dragons
  A golden eye (shapeshifter) (Elf:1)
  4 hogs (D:13)
  A warg (Orc:2)
  3 death yak simulacra
  2 nagas (Lair:2)
  9 vampire mosquitoes
  2 harpy simulacra (IceCv)
  Edmund (D:6)
  2 spectral cane toads (Lair:5)
  3 acid dragons
  12 water moccasins
  An ice beast (D:7)
  27 orc warriors
  2 sky beasts
  3 black bears
  4 wolves (Lair:3)
  An elephant zombie (Lair:5)
  6 centaurs
  2 ogres (Orc:2)
  2 elephant skeletons (Lair:5)
  A phantom (D:4)
  3 kobold brigands
  Blork the orc (D:5)
  10 bullfrogs
  2 gnoll sergeants
  5 scorpions
  5 two-headed ogre simulacra (IceCv)
  2 earth elementals (Elf:2)
  18 wights
  23 killer bees
  3 elephant simulacra
  4 bombardier beetles
  4 howler monkeys
  3 hounds
  2 jellies
  2 gnoll boudas
  10 orc priests
  An iguana (shapeshifter) (Elf:1)
  4 iguanas
  7 sleepcaps
  15 orc wizards
  A polar bear simulacrum (IceCv)
  4 spriggan simulacra (IceCv)
  A wolf simulacrum (IceCv)
  A troll simulacrum (IceCv)
  17 gnolls
  2 naga simulacra (IceCv)
  4 adders
  2 shadow imps (D:7)
  5 white imps
  9 ufetubi
  3 dart slugs
  3 ribbon worms
  56 orcs
  14 ball pythons
  2 bats (D:1)
  10 endoplasms
  4 giant cockroaches
  12 goblins
  6 hobgoblins
  14 kobolds
  4 quokkas
  6 frilled lizards
  4 rats
741 creatures vanquished.

Vanquished Creatures (others)
  A centaur simulacrum (D:13)
1 creature vanquished.

Grand Total: 742 creatures vanquished

Notes
Turn   | Place    | Note
-------+----------+-------------------------------------------
     0 | D:1      | Peloso the Minotaur Fighter began the quest for the Orb.
     0 | D:1      | Reached XP level 1. HP: 19/19 MP: 0/0
    49 | D:1      | Reached XP level 2. HP: 27/27 MP: 1/1
    54 | D:1      | Found a faded altar of an unknown god.
   160 | D:1      | HP: 1/27 [kobold/+1 whip of electrocution (11)]
   555 | D:1      | Reached skill level 3 in Long Blades
  1024 | D:2      | Reached XP level 3. HP: 33/33 MP: 2/2
  1442 | D:2      | Reached XP level 4. HP: 40/40 MP: 3/3
  1517 | D:2      | You fall into a shaft and drop 1 floor!
  1578 | D:3      | Reached skill level 4 in Long Blades
  1791 | D:3      | Reached XP level 5. HP: 44/47 MP: 4/4
  1979 | D:3      | Got the Almanac of Synthesized Refrigeration
  1984 | D:3      | Found a radiant altar of Vehumet.
  3039 | D:4      | Reached skill level 5 in Armour
  3198 | D:4      | Reached skill level 5 in Long Blades
  3318 | D:4      | Noticed a phantom
  3329 | D:4      | Killed a phantom
  3330 | D:4      | Reached XP level 6. HP: 49/55 MP: 5/5
  3368 | D:4      | Found a staircase to the Ecumenical Temple.
  3387 | D:4      | Noticed Sigmund
  3388 | D:4      | Reached skill level 5 in Fighting
  3422 | D:4      | Killed Sigmund
  3423 | D:4      | Reached skill level 6 in Long Blades
  3423 | D:4      | Reached skill level 1 in Dodging
  3423 | D:4      | Reached XP level 7. HP: 53/61 MP: 6/6
  3447 | Temple   | Entered the Ecumenical Temple
  3461 | Temple   | Became a worshipper of Warmaster Okawaru
  3792 | D:5      | Entered Level 5 of the Dungeon
  3792 | D:5      | Noticed Blork the orc
  3949 | D:5      | Found a runed translucent door.
  3949 | D:5      | Noticed a human
  3953 | D:5      | Found a basalt altar of Yredelemnul.
  4022 | D:5      | Found Zoiryisu's Assorted Antiques.
  4030 | D:5      | Bought a scroll labelled NARHIV ITEU for 28 gold pieces
  4030 | D:5      | Bought a scroll labelled NARHIV ITEU for 28 gold pieces
  4030 | D:5      | Bought a fizzy dark potion for 25 gold pieces
  4036 | D:5      | Killed Blork the orc
  4163 | D:5      | Found a snail-covered altar of Cheibriados.
  4499 | D:5      | Reached skill level 7 in Long Blades
  4542 | D:5      | Noticed a hornet
  4547 | D:5      | Paralysed by a hornet for 1 turns
  4551 | D:5      | Killed a hornet
  4551 | D:5      | Reached * piety under Okawaru
  4552 | D:5      | Reached skill level 5 in Shields
  4552 | D:5      | Reached XP level 8. HP: 51/70 MP: 7/7
  4614 | D:5      | Found an opulent altar of Gozag.
  5170 | D:6      | Reached ** piety under Okawaru
  5171 | D:6      | Reached skill level 8 in Long Blades
  5372 | D:6      | Noticed Edmund
  5393 | D:6      | Killed Edmund
  5673 | D:6      | Reached XP level 9. HP: 77/79 MP: 8/8
  5951 | D:6      | Reached skill level 9 in Long Blades
  6181 | D:6      | Found a shadowy altar of Dithmenos.
  6514 | D:7      | Reached *** piety under Okawaru
  6746 | D:7      | Found a runed translucent gate.
  6746 | D:7      | Found a runed translucent gate.
  6746 | D:7      | Found an opulent altar of Gozag.
  6749 | D:7      | Found a runed translucent gate.
  6749 | D:7      | Noticed a troll
  6749 | D:7      | Noticed Doomgape's ghost (novice TrFi)
  7557 | D:7      | Noticed a troll
  7569 | D:7      | Killed a troll
  7570 | D:7      | Reached skill level 10 in Long Blades
  8452 | D:8      | Reached **** piety under Okawaru
  8453 | D:8      | Reached XP level 10. HP: 79/87 MP: 9/9
  8464 | D:8      | Reached skill level 10 in Armour
  8537 | D:8      | Found a bloodstained altar of Trog.
  8537 | D:8      | Found a glowing silver altar of Zin.
  8541 | D:8      | Found a burning altar of Makhleb.
  8590 | D:8      | Found a sparkling altar of Nemelex Xobeh.
  8600 | D:8      | Reached skill level 11 in Long Blades
  9431 | D:9      | Found a staircase to the Orcish Mines.
  9645 | D:9      | Found a runed translucent gate.
  9645 | D:9      | Found a runed translucent gate.
  9645 | D:9      | Found a runed translucent gate.
  9645 | D:9      | Noticed fedepesso's ghost (novice TrSh)
  9646 | D:9      | Noticed H0rd4k's ghost (novice OpAr)
  9647 | D:9      | Noticed nitefall's ghost (novice DgFi)
  9647 | D:9      | Noticed Doomgape's ghost (novice MiFi)
  9947 | D:9      | Reached ***** piety under Okawaru
 10046 | D:9      | Identified the +1 quarterstaff of the Writhing Gods {flame,
                  | rF+}
 10172 | D:9      | Reached skill level 12 in Long Blades
 10692 | D:10     | Entered Level 10 of the Dungeon
 10820 | D:10     | Noticed a two-headed ogre
 10828 | D:10     | Killed a two-headed ogre
 10865 | D:10     | Found a staircase to the Lair.
 10868 | D:10     | Noticed a fire crab
 10877 | D:10     | Killed a fire crab
 10878 | D:10     | Reached skill level 10 in Fighting
 11075 | D:10     | Reached skill level 1 in Stealth
 11116 | D:10     | Received a gift from Okawaru
 11120 | Lair:1   | Entered Level 1 of the Lair of Beasts
 11292 | Lair:1   | Reached XP level 11. HP: 99/99 MP: 10/10
 11624 | D:10     | Found an ancient bone altar of Kikubaaqudgha.
 11627 | D:10     | Found a hide-covered altar of Uskayaw.
 11706 | D:10     | Found Kosapetre's Overcharged Wands.
 12075 | D:11     | Reached skill level 13 in Long Blades
 12764 | D:11     | Found a blossoming altar of Fedhas.
 13081 | D:11     | Received a gift from Okawaru
 13792 | Lair:1   | Reached skill level 14 in Long Blades
 14307 | Lair:1   | Identified the +6 tower shield of Disaster {Str+5}
 14657 | Lair:2   | Found a staircase to the Snake Pit.
 14726 | Lair:2   | Noticed Urug
 14772 | Lair:2   | Killed Urug
 14931 | Lair:2   | Noticed a skyshark
 14944 | Lair:2   | Killed a skyshark
 14945 | Lair:2   | Reached XP level 12. HP: 39/110 MP: 8/11
 15105 | Lair:2   | Reached ****** piety under Okawaru
 15139 | Lair:2   | Noticed an anaconda
 15150 | Lair:2   | Killed an anaconda
 15150 | Lair:2   | Received a gift from Okawaru
 15410 | Lair:2   | Found a staircase to the Swamp.
 15528 | Lair:2   | Noticed a death yak
 15544 | Lair:2   | Killed a death yak
 15611 | Lair:2   | Reached skill level 15 in Long Blades
 15623 | Lair:2   | Noticed a dire elephant
 15645 | Lair:2   | Killed a dire elephant
 16009 | Lair:2   | Noticed a dire elephant
 16162 | Lair:2   | Killed a dire elephant
 16162 | Lair:2   | Received a gift from Okawaru
 16312 | Lair:2   | Reached skill level 1 in Invocations
 16540 | Lair:3   | Noticed a seven-headed hydra
 16679 | Orc:1    | Entered Level 1 of the Orcish Mines
 17127 | D:7      | Killed Doomgape's ghost
 17266 | D:9      | Killed nitefall's ghost
 17274 | D:9      | Killed fedepesso's ghost
 17289 | D:9      | Killed Doomgape's ghost
 17289 | D:9      | Received a gift from Okawaru
 17295 | D:9      | Killed H0rd4k's ghost
 17468 | Orc:2    | Entered Level 2 of the Orcish Mines
 17470 | Orc:2    | Found Ehapup's Vocational Training.
 17491 | Orc:2    | Reached XP level 13. HP: 109/122 MP: 12/12
 17523 | Orc:2    | Found Pist's Assorted Antiques.
 17532 | Orc:2    | Found Hureora's Book Shoppe.
 17534 | Orc:2    | Bought a fuming silvery potion for 23 gold pieces
 17674 | Orc:2    | Noticed an orc warlord
 17749 | Orc:1    | Killed an orc warlord
 17750 | Orc:1    | HP: 6/122 [orc knight/+0 great sword (20)]
 17951 | Orc:2    | Found Erheluos's General Store.
 17955 | Orc:2    | Found Jehubb's Antique Armour Shoppe.
 17975 | Orc:2    | Bought 2 potions of berserk rage for 150 gold pieces
 17976 | Orc:2    | Found Kuloung's General Store.
 17980 | Orc:2    | Found Alabant's Antique Weapon Shoppe.
 17982 | Orc:2    | Paralysed by an orc sorcerer for 2 turns
 18035 | Orc:2    | Reached skill level 5 in Dodging
 18237 | Orc:2    | Reached skill level 16 in Long Blades
 18432 | Orc:2    | Noticed an ettin
 18441 | Orc:2    | Killed an ettin
 18441 | Orc:2    | Received a gift from Okawaru
 18460 | Orc:2    | Found a staircase to the Elven Halls.
 18491 | Orc:2    | Reached skill level 10 in Shields
 18601 | Orc:2    | Found Moreha's Jewellery Boutique.
 18621 | Orc:2    | Found Jiduoheq's Jewellery Shop.
 18645 | Orc:2    | Bought the amulet of the Four Winds {rN+ Will+++ Clar} for
                  | 789 gold pieces
 18645 | Orc:2    | Found the amulet of the Four Winds {rN+ Will+++ Clar}
 19175 | Orc:1    | Noticed Sonja
 19202 | Orc:1    | Killed Sonja
 19751 | D:12     | Found a frozen archway.
 19849 | IceCv    | Entered an ice cave
 20093 | IceCv    | Received a gift from Okawaru
 20355 | IceCv    | Noticed a reaper
 20377 | IceCv    | Killed a reaper
 21873 | D:13     | Found a runed translucent door.
 21938 | D:13     | Noticed Kirke
 21954 | D:13     | Killed Kirke
 21955 | D:13     | Reached XP level 14. HP: 127/133 MP: 14/14
 21970 | D:13     | Received a gift from Okawaru
 21987 | D:13     | Reached skill level 15 in Fighting
 21989 | D:13     | Reached skill level 15 in Armour
 22005 | D:13     | Reached skill level 17 in Long Blades
 22279 | D:13     | Found a runed translucent door.
 22279 | D:13     | Noticed SonOfAdam's ghost (adept DjCj)
 22470 | D:13     | Found a runed translucent door.
 23848 | Lair:4   | Received a gift from Okawaru
 24142 | Lair:4   | Found a staircase to the Slime Pits.
 25630 | Lair:5   | Entered Level 5 of the Lair of Beasts
 26588 | Lair:5   | Received a gift from Okawaru
 27713 | Lair:5   | Received a gift from Okawaru
 28014 | Lair:5   | Reached XP level 15. HP: 124/144 MP: 15/15
 28397 | Lair:5   | Identified the amulet "Taats" {Regen+ Str+4}
 28724 | Lair:5   | Reached skill level 18 in Long Blades
 29050 | Lair:5   | Identified the ring of Rasasmo {+Blink rPois rF+ SInv
                  | Stlth+}
 29993 | D:13     | Received a gift from Okawaru
 30305 | D:13     | Found a gate to the Vaults.
 30786 | D:13     | Reached skill level 15 in Shields
 31337 | D:13     | Identified the +5 battleaxe "Hyrgheocs" {heavy, rC+ rCorr}
 31395 | D:13     | Received a gift from Okawaru
 33138 | D:14     | Received a gift from Okawaru
 33566 | D:15     | Entered Level 15 of the Dungeon
 33642 | D:15     | Reached XP level 16. HP: 119/154 MP: 14/16
 33907 | D:15     | Found a staircase to the Depths.
 34158 | D:15     | Received a gift from Okawaru
 34994 | D:15     | Identified the +3 short sword "Kugg" {freeze, Int+3}
 35871 | Elf:1    | Entered Level 1 of the Elven Halls
 36256 | Elf:1    | Reached skill level 1 in Evocations
 36903 | Elf:1    | Received a gift from Okawaru
 37140 | Elf:1    | Identified the serpent talisman "Fagoad" {Int+4}
 37140 | Elf:1    | Noticed Aizul
 37163 | Elf:1    | Killed Aizul
 37448 | Elf:1    | Paralysed by an air elemental for 1 turns
 37705 | Elf:2    | Found Wecs's Book Emporium.
 38036 | Elf:2    | HP: 6/145 [deep elf archer/arrow (13)]
 38040 | Elf:2    | Killed from afar by a deep elf zephyrmancer

Illustrated notes

Levels and vault maps discovered:
D:1:      grunt_arrival_crossed_arrows, layout_basic,
          hellmonk_ecumenical_altar_zigzags
D:2:      layout_basic, kennysheep_pointless_box
D:3:      layout_basic, mainiacjoe_overflow_surrounded_room,
          minmay_statues_item, chequers_serial_rivers_small_b
D:4:      layout_loops_ring, temple_pool_b, uniq_sigmund
D:5:      layout_loops_corners, lemuel_coloured_pillars_altar, slow_altar_2,
          dk_yredelemnul_ordeal, serial_shops, shop, kennysheep_generic_room_13,
          uniq_blork_the_orc
D:6:      layout_loops_ring, mainiacjoe_overflow_24_doors,
          minmay_joined_circles, uniq_edmund
D:7:      layout_basic, ebering_ghost_gozag
D:8:      layout_loops_ring, kennysheep_mini, grunt_temple_overflow_open,
          lemuel_crystal_altar
D:9:      layout_cross, david_orc_2, gammafunk_ghost_cemetery,
          serial_co_window_serial, co_window_of_opportunity_a,
          co_window_of_opportunity_a, co_window_paths_a, co_window_corner_a,
          co_window_paths_a, co_window_paths_a, co_window_unsneaky_path_c,
          co_window_2corner, co_window_corner_b, co_window_broadway_c,
          glass_columns_a, glass_columns_a, glass_columns_b, glass_columns_a,
          glass_columns_a, minmay_misc_feat_five, kennysheep_generic_room_6
D:10:     layout_irregular_city, jmf_multi_god_temple, minmay_lair_entry_lava,
          nicolae_shop_overcharged_wands
D:11:     layout_loops_ring, fedhas_ov_isle_minmay
D:12:     layout_roguey, portal_ice_cave_rime, chequers_serial_rivers_marsh
D:13:     cheibrodos_histonic, layout_loops_cross, grunt_vaults_entry_fortified,
          ebering_ghost_inner_flame, uniq_kirke
D:14:     layout_rooms, nicolae_elevator_lobby_asterisk, serial_rivers,
          chequers_serial_rivers_large_a, chequers_serial_rivers_small_b,
          chequers_serial_rivers_micro_d, chequers_serial_rivers_micro_e,
          chequers_serial_rivers_large_b, chequers_serial_rivers_micro_d
D:15:     grunt_enter_depths_snipers, layout_gridville, minmay_misc_feat_hallway
Temple:   bh_familiar_temple
Lair:1:   layout_hall_layers, grunt_megastairs_5
Lair:2:   layout_regular_city, minmay_swamp_entry_swarm,
          guppyfry_snake_entry_island, chequers_serial_rivers_small_3,
          nicolae_quartered_pool_impasse, nicolae_lair_lakeside_cave, uniq_urug
Lair:3:   layout_hall_layers
Lair:4:   layout_layer_cave, slime_entry_1, small_statue_intersection
Lair:5:   due_jungle_book, layout_regular_city
Orc:1:    layout_diamond_mine, uniq_sonja
Orc:2:    grunt_orc_gardens, layout_diamond_mine, grunt_orc_garden,
          grunt_orc_garden, grunt_orc_garden, grunt_orc_garden, serial_shops,
          shop, shop, nicolae_shop_trees, nicolae_shop_just_a_little_nook,
          nicolae_shop_vocational
Elf:1:    layout_gridlike, nicolae_elf_shapeshifter_party, uniq_aizul
Elf:2:    elven_hall_of_blades_hangedman_alternative [nicolae_blade_tridents],
          layout_geoelf_grid, serial_shops, nicolae_take_the_stairs,
          uniq_saint_roka

Skill      XL: |  1  2  3  4  5  6  7  8  9 10 11 12 13 14 15 16 |
---------------+-------------------------------------------------+-----
Armour         | 4 5 6 8 9 11 12 13 14 15 16 17 | 17.1
Fighting       | 4 5 6 7 8 10 11 13 14 16 17 | 17.3
Long Blades    | 3 4 5 6 7 8 10 12 14 15 16 17 18 | 18.9
Shields        | 4 5 6 7 8 9 11 13 16 17 | 17.9
Dodging        | 1 2 3 4 5 6 |  6.7
Stealth        | 1 2 |  2.7
Invocations    | 1 2 |  2.2
Evocations     | 1 |  1.0

Action                     |  1- 3 |  4- 6 |  7- 9 | 10-12 | 13-15 | 16-18 || total
---------------------------+-------+-------+-------+-------+-------+-------++-------
  Melee: Long sword        |   104 |    94 |   388 |       |       |       ||   586
         Headbutt          |    16 |    19 |    94 |   163 |   390 |    83 ||   765
         Scimitar          |       |       |    15 |   738 |  1338 |   326 ||  2417
 Invoke: Heroism           |       |       |     1 |     8 |    16 |     1 ||    26
  Evoke: Wand              |       |       |       |     1 |     9 |     6 ||    16
    Use: Scroll            |     5 |     1 |     5 |    13 |     6 |     3 ||    33
         Potion            |       |     3 |     1 |     2 |     7 |     2 ||    15
 Armour: Scale mail        |    64 |    25 |       |       |       |       ||    89
         Chain mail        |       |    35 |   222 |   604 |   796 |       ||  1657
         Plate armour      |       |       |    84 |       |   125 |   151 ||   360
  Dodge: Dodged            |    47 |    39 |   151 |   320 |   481 |    51 ||  1089
  Block: Buckler           |    30 |    18 |    87 |   215 |   253 |       ||   603
         Tower shield      |       |       |       |       |   883 |   336 ||  1219
